 Dungeon Crawl Stone Soup version 0.20.2-3-g29329e0561 (webtiles) character file.

124 Alfie the Shield-Bearer (level 5, 0/46 HPs)
             Began as a Hill Orc Fighter on Feb 8, 2023.
             Slain by Jessica (2 damage)
             ... on level 3 of the Dungeon.
             The game lasted 00:03:46 (1779 turns).

Alfie the Shield-Bearer (Hill Orc Fighter)          Turns: 1779, Time: 00:03:47

Health: 0/46       AC:  8    Str: 20    XL:     5   Next: 8%
Magic:  5/5        EV:  7    Int:  8    God:
Gold:   94         SH:  9    Dex: 10    Spells: 4/4 levels left

rFire    . . .     SeeInvis .   a - +0 rapier
rCold    . . .     Gourm    .   c - +0 shield
rNeg     . . .     Faith    .   b - +0 scale mail
rPois    .         Spirit   .   (no helmet)
rElec    .         Reflect  .   (no cloak)
rCorr    .         Harm     .   h - +0 pair of gloves
MR       .....                  (no boots)
Stlth    ..........             (no amulet)
Regen    0.2/turn               (no ring)
MPRegen  0.1/turn               (no ring)

@: slowed, very slow
A: no striking features
a: no special abilities


You were on level 3 of the Dungeon.
You were not hungry.

You visited 1 branch of the dungeon, and saw 3 of its levels.

You collected 94 gold pieces.

Inventory:

Hand Weapons
 a - a +0 rapier (weapon)
Armour
 b - a +0 scale mail (worn)
 c - a +0 shield (worn)
 h - a +0 pair of gloves (worn)
Jewellery
 i - an uncursed ring of see invisible {unknown}
Scrolls
 j - a scroll of remove curse {unknown}
 k - a scroll of random uselessness {unknown}
 m - 2 scrolls of magic mapping {unknown}
 q - a scroll of recharging {unknown}
 r - a scroll of identify {unknown}
Potions
 d - 2 potions of might
 e - 2 potions of heal wounds {unknown}
 l - a potion of lignification {unknown}
 n - 4 potions of degeneration {unknown}
 o - a potion of berserk rage {unknown}
Comestibles
 f - a bread ration
 g - a meat ration
 p - 2 fruits


   Skills:
 + Level 3.8 Fighting
 + Level 3.4 Short Blades
 + Level 3.7 Armour
 + Level 0.7 Dodging
 + Level 0.3 Stealth
 + Level 4.4 Shields


You had 4 spell levels left.
You didn't know any spells.

Dungeon Overview and Level Annotations

Branches:
Dungeon (3/15)

Altars:
Vehumet

Annotations:
D:3 Jessica


Message History

You feel stronger.
You feel a bit more experienced.
You hear some strange, mumbled words.
Deactivating autopickup; reactivate with Ctrl-A.
Pain shoots through your body!
Things that are here:
a dagger; a robe Something hits you.
You feel yourself speed up.
You hear some strange, mumbled words.
You feel yourself slow down. Something hits you but does no damage.
You block something's attack.
You miss something. Something hits you but does no damage.
You hear some strange, mumbled words.
Pain shoots through your body!
* * * LOW HITPOINT WARNING * * *
You closely miss something. You block something's attack.
Something hits you but does no damage.
You closely miss something. You block something's attack. Something hits you.
You die...

....'.†.<.....+
.#.##.........# .. .....
.#.###.......## .# .....
.#.# ##.....####.##...#
...# ##...###........
.### ##.......# ..# .#
#.####.###.## . .##
#.###...#{..#...#
..#######.##..).@._.....#
.............#..#...#...#
..#.###.....##.###.## #
.....##...)###.. ..#
.....##.#.## #..( ....
.....##.#... ....######
..#####.##########
..#####.# ........#


There were no monsters in sight!

Vanquished Creatures
  An orc wizard (D:3)
  6 adders (D:2)
  2 worms (D:2)
  A dart slug (D:1)
  An orc (D:3)
  2 ball pythons
  A giant cockroach (D:2)
  4 goblins
  6 hobgoblins
  2 jackals (D:1)
  2 kobolds
  A quokka (D:3)
  4 bats
  4 frilled lizards
  5 rats
42 creatures vanquished.

Notes
Turn   | Place    | Note
-------+----------+-------------------------------------------
     0 | D:1      | Alfie the Hill Orc Fighter began the quest for the Orb.
     0 | D:1      | Reached XP level 1. HP: 19/19 MP: 1/1
   186 | D:1      | Reached XP level 2. HP: 22/27 MP: 2/2
   868 | D:2      | Reached XP level 3. HP: 26/33 MP: 3/3
   946 | D:2      | Reached skill level 4 in Shields
  1079 | D:2      | Reached XP level 4. HP: 37/40 MP: 4/4
  1623 | D:2      | Found a faded altar of an unknown god.
  1753 | D:3      | Noticed Jessica
  1758 | D:3      | Found a radiant altar of Vehumet.
  1771 | D:3      | Reached XP level 5. HP: 16/46 MP: 5/5
  1777 | D:3      | HP: 1/46 [something/nerve-wracking pain (14)]
  1779 | D:3      | Slain by Jessica

Skill      XL: |  1  2  3  4 |
---------------+-------------+-----
Shields        | 4 |  4.4
Short Blades   | 3 |  3.4
Fighting       | |  3.8
Armour         | |  3.7
Dodging        | |  0.7
Stealth        | |  0.3

Action                   |  1- 3 |  4- 6 || total
-------------------------+-------+-------++-------
Melee: Rapier            |   128 |    62 ||   190
  Eat: Fruit             |     1 |     3 ||     4
Armor: Scale mail        |    53 |    37 ||    90
Dodge: Dodged            |    38 |    13 ||    51
Block: Shield            |    57 |    31 ||    88
